 Dungeon Sprint DCSS version 0.28.0-53-g5a82cb258f (webtiles) character file.

Game seed: 7853283661539881724

5663 Zeld the Severer (level 10, -3/111 HPs)
             Began as a Minotaur Berserker on May 29, 2022.
             Was an Elder of Trog.
             Shot with an arrow by a spriggan rider (14 damage)
             ... in the Dungeon (Sprint IV: "Fedhas' Mad Dash").
             The game lasted 00:05:02 (5903 turns).

Zeld the Severer (Minotaur Berserker)               Turns: 5903, Time: 00:05:03

Health: -3/111     AC: 14    Str: 27    XL:     10   Next: 47%
Magic:  9/9        EV: 12    Int:  4    God:    Trog [****..]
Gold:   78         SH:  0    Dex:  9    Spells: 9/9 levels left

rFire   . . .      SeeInvis .   a - +4 broad axe (vamp)
rCold   . . .      Faith    .   (no shield)
rNeg    + . .      Spirit   .   n - +0 chain mail {rN+}
rPois   .          Reflect  .   (helmet restricted)
rElec   .          Harm     .   l - +0 cloak
rCorr   .          Rampage  .   (no gloves)
Will    ++...      NoTele   +   (no boots)
Stlth   ..........              i - amulet of invisibility {+Inv}
HPRegen 1.28/turn               (no ring)
MPRegen 0.11/turn               (no ring)

@: strong-willed, regenerating
A: horns 2, retaliatory headbutt
a: Renounce Religion, Evoke Invisibility, Berserk, Trog's Hand, Brothers in Arms


You were in the Dungeon.
You worshipped Trog.
Trog was greatly pleased with you.
You visited 1 branch You collected 225 gold pieces.
You spent 147 gold pieces at shops.

Inventory:

Hand Weapons
 a - a +4 vampiric broad axe (weapon)
Armour
 l - a +0 cloak (worn)
 n - a +0 chain mail of positive energy (worn)
Jewellery
 i - the amulet of invisibility (around neck) {+Inv}
   (You found it in the Dungeon)

   [amulet of nothing]

   +Inv:      It lets you turn invisible.
Scrolls
 h - a scroll of blinking
 j - a scroll of fog {unknown}
 k - 2 scrolls of identify {unknown}
Potions
 c - a potion of curing
 d - a potion of heal wounds
 e - a potion of haste
 f - 2 potions of magic
 g - a potion of berserk rage
 m - a potion of mutation {unknown}


   Skills:
 * Level 17.4 Fighting
 * Level 17.5 Axes
 + Level 12.5 Armour
 + Level 11.6 Dodging


You had 9 spell levels left.
You didn't know any spells.
Your spell library was empty.

Dungeon Overview and Level Annotations

Branches:
Dungeon (1/1)

Altars:
Cheibriados
Dithmenos
Elyvilon
Gozag
Hepliaklqana
Kikubaaqudgha
Makhleb
Nemelex Xobeh
Okawaru
Qazlal
Ru
Sif Muna
Trog
Uskayaw
Vehumet
Wu Jian
Xom
Yredelemnul
Zin
The Shining One
Beogh
Jiyva
Lugonu

Shops:
D ([[(((

Annotations:
D exclusion: 2 oklob plants


Innate Abilities, Weirdness & Mutations

You have a pair of horns on your head.
You reflexively headbutt those who attack you in melee.


Message History

Your troll goes berserk!
Trog will no longer gift you weapons.
The spriggan rider shoots an arrow.
The arrow pierces through you!
You swap places.
The spriggan rider shoots an arrow.
The arrow closely misses you.
You hear a shout!
The spriggan rider shoots an arrow.
The arrow completely misses you.
The spriggan rider shoots an arrow.
The arrow closely misses you.
The spriggan rider shoots an arrow.
The arrow closely misses you.
The spriggan rider shoots an arrow.
The arrow pierces through you!!
Your troll rages.
The spriggan rider shoots an arrow.
The arrow pierces through your troll!! The arrow closely misses you.
Your troll misses the spriggan rider.
Your troll claws the spriggan rider!
Your troll barely misses the spriggan rider.
Your troll completely misses the spriggan rider. x2
Your troll barely misses the spriggan rider.
The spriggan rider shoots an arrow.
The arrow pierces through your troll!! The arrow pierces through you!!
* * * LOW HITPOINT WARNING * * *
Your troll misses the spriggan rider.
Your troll claws the spriggan rider. x2
The spriggan rider unwields the +8 storm bow {elec, penet}.
It stops crackling.
The spriggan rider closely misses your troll.
Your troll bites the spriggan rider.
Your troll claws the spriggan rider.
Your troll closely misses the spriggan rider.
Your skin crawls.
You feel strong-willed.
Your troll bites the spriggan rider!
Your troll claws the spriggan rider but does no damage.
Your troll claws the spriggan rider!
The spriggan rider wields the +8 storm bow {elec, penet}.
You hear the crackle of electricity.
The spriggan rider shoots an arrow.
The arrow pierces through your troll!
Your troll dies!
Your troll's corpse disappears in a puff of smoke!
The arrow pierces through you!
* * * LOW HITPOINT WARNING * * *
You are electrocuted!
You die...

.._._._._...#..###'##..)##∩#
._._._._._..#.)##∩∩.'...####
_._._._._.⌠.#############
#################..Prr
♣♣♣♣..♣.###)'[.+...yrr
....♣..♣##:.#..#.Py..y
.♣♣♣.♣).###.##'#


.PyPr ♣..♣...♣'...#♣.♣###### #############§..@.#### . ###.i♣..♣....###
..P.#####...♣......♣...♣### .iP..........♣.....∩)∩."..#
......##################### ##### You could see a spriggan rider.

Vanquished Creatures
  Agnes (D)
  A spriggan defender (D)
  A spriggan berserker (D)
  A spriggan druid (D)
  3 oklob plants (D)
  2 burning bushes (D)
  A queen bee (D)
  2 wandering mushrooms (D)
  3 scorpions (D)
  4 killer bees (D)
  5 oklob saplings (D)
  2 spriggans (D)
  A river rat (D)
  A rat (D)
28 creatures vanquished.

Vanquished Creatures (collateral kills)
  A burning bush (D)
1 creature vanquished.

Vanquished Creatures (others)
  A wandering mushroom (D)
  A ballistomycete spore (D)
  A bush (D)
  4 fungi (D)
7 creatures vanquished.

Grand Total: 36 creatures vanquished

Notes
Turn   | Place    | Note
-------+----------+-------------------------------------------
     0 | D        | Zeld the Minotaur Berserker began the quest for the Orb.
     0 | D        | Reached XP level 1. HP: 19/19 MP: 0/0
    11 | D        | Reached XP level 2. HP: 9/28 MP: 1/1
   245 | D        | Noticed an oklob sapling
   249 | D        | Killed an oklob sapling
   249 | D        | Reached ** piety under Trog
   250 | D        | Reached skill level 5 in Fighting
   250 | D        | Reached skill level 5 in Axes
   250 | D        | Reached XP level 3. HP: 37/37 MP: 2/2
   352 | D        | Noticed a scorpion
   352 | D        | Found the amulet of invisibility {+Inv}
   357 | D        | Killed a scorpion
   358 | D        | Reached XP level 4. HP: 37/47 MP: 3/3
   434 | D        | Reached skill level 5 in Armour
   566 | D        | Found an opulent altar of Gozag.
   566 | D        | Found a hazy altar of Hepliaklqana.
   566 | D        | Found a snail-covered altar of Cheibriados.
   569 | D        | Found a viscous altar of Jiyva.
   569 | D        | Found a burning altar of Makhleb.
   569 | D        | Found a sparkling altar of Nemelex Xobeh.
   569 | D        | Found a sacrificial altar of Ru.
   569 | D        | Found a shimmering blue altar of Sif Muna.
   569 | D        | Found a bloodstained altar of Trog.
   569 | D        | Found an ornate altar of the Wu Jian Council.
   569 | D        | Found a shimmering altar of Xom.
   569 | D        | Found a basalt altar of Yredelemnul.
   570 | D        | Found an iron altar of Okawaru.
   570 | D        | Found a shadowy altar of Dithmenos.
   570 | D        | Found a glowing silver altar of Zin.
   571 | D        | Found an ancient bone altar of Kikubaaqudgha.
   571 | D        | Found a hide-covered altar of Uskayaw.
   572 | D        | Found a stormy altar of Qazlal.
   572 | D        | Found a white marble altar of Elyvilon.
   572 | D        | Found a glowing golden altar of the Shining One.
   573 | D        | Found a corrupted altar of Lugonu.
   573 | D        | Found a radiant altar of Vehumet.
   580 | D        | HP: 2/47 [oklob sapling priest/splash of acid (27)]
   587 | D        | Reached skill level 5 in Dodging
   587 | D        | Reached XP level 5. HP: 3/56 MP: 2/4
   988 | D        | Reached *** piety under Trog
  1018 | D        | Reached XP level 6. HP: 56/66 MP: 5/5
  1246 | D        | Found Wikhig Elaogh's Antique Armour Shop.
  1246 | D        | Found Setilot's Weapon Emporium.
  1258 | D        | Noticed a burning bush
  1258 | D        | Noticed a wandering mushroom
  1463 | D        | Noticed a wandering mushroom
  1779 | D        | Killed a wandering mushroom
  1779 | D        | Reached **** piety under Trog
  1780 | D        | Reached skill level 10 in Fighting
  1780 | D        | Reached skill level 10 in Axes
  1781 | D        | HP: 1/67 [wandering mushroom (15)]
  2479 | D        | Killed a burning bush
  2480 | D        | Reached XP level 7. HP: 64/75 MP: 6/6
  2539 | D        | Found Poll's Weapon Emporium.
  2539 | D        | Found Opriat's Antique Weapon Shoppe.
  2542 | D        | Identified the amulet of Past Mistakes {rN+ Regen+ Slay-2
                  | Stlth+}
  2593 | D        | Noticed a queen bee
  2610 | D        | Killed a queen bee
  2611 | D        | Reached XP level 8. HP: 38/85 MP: 7/7
  3058 | D        | Noticed an oklob plant
  3071 | D        | Killed an oklob plant
  3185 | D        | Noticed a burning bush
  3194 | D        | Killed a burning bush
  3194 | D        | Reached ***** piety under Trog
  3256 | D        | Bought a runed broad axe for 147 gold pieces
  3298 | D        | Noticed a burning bush
  3298 | D        | Noticed an oklob plant
  3378 | D        | Noticed a wandering mushroom
  3380 | D        | Killed a burning bush
  3381 | D        | Reached skill level 10 in Armour
  3743 | D        | Killed a wandering mushroom
  3744 | D        | Reached XP level 9. HP: 96/96 MP: 5/8
  3747 | D        | Killed an oklob plant
  3748 | D        | Reached skill level 15 in Fighting
  3748 | D        | Reached skill level 15 in Axes
  3751 | D        | Reached skill level 10 in Dodging
  3915 | D        | Noticed a spriggan druid
  3920 | D        | Killed a spriggan druid
  3985 | D        | Noticed an oklob plant conjurer
  4399 | D        | Killed an oklob plant conjurer
  4906 | D        | Noticed Agnes
  4919 | D        | Killed Agnes
  4920 | D        | Reached XP level 10. HP: 82/108 MP: 9/9
  5106 | D        | Noticed an oklob plant
  5106 | D        | Noticed an oklob plant summoner
  5212 | D        | Found Wueveota's Antique Armour Emporium.
  5212 | D        | Noticed a spriggan berserker
  5225 | D        | Killed a spriggan berserker
  5457 | D        | Found Mexolon's Antique Weapon Shoppe.
  5460 | D        | Noticed a spriggan defender
  5474 | D        | Killed a spriggan defender
  5851 | D        | Noticed a spriggan rider
  5903 | D        | Shot with an arrow by a spriggan rider

Illustrated notes

Levels and vault maps discovered:
D:        dungeon_sprint_fedhas [sprint_temple]

Skill      XL: |  1  2  3  4  5  6  7  8  9 10 |
---------------+-------------------------------+-----
Fighting       | 4 5 7 8 9 11 12 14 16 17 | 17.4
Axes           | 4 5 7 8 9 11 12 14 16 17 | 17.5
Armour         | 3 4 5 6 8 9 10 11 12 | 12.5
Dodging        | 3 4 5 6 7 8 9 11 | 11.6

Action                   |  1- 3 |  4- 6 |  7- 9 | 10-12 || total
-------------------------+-------+-------+-------+-------++-------
Melee: Hand axe          |    11 |    59 |    31 |       ||   101
       Headbutt          |     2 |    13 |    15 |     1 ||    31
       Punch             |       |     2 |       |       ||     2
       Broad axe         |       |       |    25 |    21 ||    46
Invok: Berserk           |     1 |     2 |     4 |     2 ||     9
       Brothers in Arms  |       |       |     3 |     1 ||     4
       Trog's Hand       |       |       |       |     1 ||     1
 Abil: Evoke Invisibilit |       |     4 |     4 |       ||     8
 Stab: Sleeping          |     2 |     1 |       |       ||     3
       Invisible         |       |     4 |     3 |       ||     7
Armor: Animal skin       |     1 |       |     3 |       ||     4
       Chain mail        |       |       |     2 |       ||     2
Dodge: Dodged            |       |    25 |    23 |    15 ||    63
